 Dungeon Crawl Stone Soup version 0.20-a0-3-g334f831 (webtiles) character file.

514 Gorice the Slicer (level 7, -1/43 HPs)
             Began as a Kobold Enchanter on Oct 30, 2016.
             Slain by an orc wizard
             ... wielding a +0 dagger
              (4 damage)
             ... on level 4 of the Dungeon.
             The game lasted 00:25:22 (5822 turns).

Gorice the Slicer (Kobold Enchanter)                Turns: 5822, Time: 00:25:22

Health: -1/43      AC:  5    Str:  7    XL:     7   Next: 44%
Magic:  1/10       EV: 15    Int: 21    God:
Gold:   56         SH:  0    Dex: 16    Spells: 3 memorised, 4 levels left

rFire  . . .     SeeInvis .     a - +0 dagger (freeze)
rCold  . . .     Gourm    .     p - +1 robe
rNeg   . . .     Faith    .     (shield restricted)
rPois  +         Spirit   .     (no helmet)
rElec  .         Reflect  .     s - +1 cloak
rCorr  .         Harm     .     (no gloves)
MR     .....     Rnd*Tele +     (no boots)
Stlth  +++.......               (no amulet)
                                n - ring of poison resistance
                                m - ring of teleportation (curse)

@: brilliant, very slightly contaminated, hasted, very quick
A: carnivore 3
a: no special abilities


You were on level 4 of the Dungeon.
You were very full.

You visited 1 branch of the dungeon, and saw 4 of its levels.
You also visited: Sewer.

You collected 56 gold pieces.

Inventory:

Hand Weapons
 a - a +0 dagger of freezing (weapon)
   (You took it off a goblin on level 2 of the Dungeon)
 b - a +0 hunting sling
 h - a +0 long sword
 k - a +1 dagger
 r - a +3 quarterstaff of chaos
   (You took it off Crazy Yiuf on level 2 of the Dungeon)
 B - a +0 blowgun
Missiles
 i - 16 tomahawks (quivered)
 j - 36 poisoned needles
 D - 8 curare-tipped needles
 Z - 79 stones
Armour
 e - a +0 buckler
 p - a +1 robe (worn)
 s - a +1 cloak (worn)
 t - a +0 ring mail
Jewellery
 m - a cursed ring of teleportation (left hand)
 n - a ring of poison resistance (right hand)
 w - a cursed ring of see invisible {unknown}
 z - a cursed -3 ring of evasion {unknown}
Potions
 g - a potion of flight
 l - 2 potions of cancellation {!q}
 A - a potion of invisibility {unknown}
 E - a potion of magic {unknown}
 F - a potion of heal wounds {unknown}
 G - a potion of lignification {unknown}
Books
 c - a book of Maledictions
Comestibles
 d - 2 meat rations {!e}
 f - 2 beef jerkies
 v - a royal jelly


   Skills:
 + Level 4.2 Fighting
 * Level 8.0 Short Blades
 - Level 2.4 Dodging
 - Level 4.0 Stealth
 - Level 2.1 Spellcasting
 - Level 3.0 Hexes


You had 4 spell levels left.
You knew the following spells:

 Your Spells              Type           Power        Failure   Level  Hunger
a - Corona                Hex            ####...      1%          1    #......
b - Ensorcelled Hibernat  Hex/Ice        ###...       1%          2    ##.....
c - Confuse               Hex            ####....     1%          3    ###....


Dungeon Overview and Level Annotations

Branches:
Dungeon (4/15)
 Temple: D:4-7

Altars:
Elyvilon
Ru
Trog
Uskayaw
The Shining One

Annotations:
D:4 Philosophy's ghost, amateur CeHu


Innate Abilities, Weirdness & Mutations

You are small and have problems with some larger weapons.
You are carnivorous and can eat meat at any time.


Message History

Damage: 5 (max 7)
You hit the orc wizard. You freeze the orc wizard.
The orc wizard is lightly wounded.
The orc hits you but does no damage. The orc hits you with a flail.
* * * LOW HITPOINT WARNING * * *
Damage: 3 (max 7)
You hit the orc wizard. You freeze the orc wizard.
The orc wizard is moderately wounded.
The orc wizard barely misses you. The orc hits you but does no damage.
Philosophy's ghost hits you but does no damage.
Unknown command.
You feel better. The orc closely misses you. The orc wizard misses you.
The orc barely misses you. The orc misses you.
Philosophy's ghost barely misses you.
It was a potion of brilliance.
You feel clever all of a sudden. The orc misses you.
The orc wizard hits you but does no damage.
The orc closely misses you. The orc hits you with a flail.
* * * LOW HITPOINT WARNING * * *
Philosophy's ghost hits you but does no damage.
Damage: 3 (max 7)
Okay, then.
It was a potion of haste.
You feel yourself speed up. The orc closely misses you.
The orc wizard hits you with a dagger.
* * * LOW HITPOINT WARNING * * *
The orc hits you with a dagger.
* * * LOW HITPOINT WARNING * * *
Philosophy's ghost barely misses you. The orc closely misses you.
You are very lightly contaminated with residual magic.
Damage: 4 (max 7) Unknown command.
Unknown command.
You hit the orc but do no damage.
The orc is heavily wounded.
The orc hits you with a club.
* * * LOW HITPOINT WARNING * * *
Damage: 2 (max 7)
You hit the orc. You freeze the orc.
The orc is almost dead.
The orc wizard misses you. The orc barely misses you.
Philosophy's ghost closely misses you.
Unknown command.
You hit the orc. You freeze the orc.
You kill the orc!
The orc closely misses you.
You hit the orc. You freeze the orc.
The orc is moderately wounded.
The orc misses you. The orc wizard hits you with a dagger.
You die...

#############
#...........#
###.#########.#
.......# #.#
.##.##.# #)#
.##.##.### #.#
..... ...####.#####
.##.##.#.......o@o#
.......$.......Woo#
..!....#.####.###.#
#....S##.# #.# ...
...).....# #.# .###
#.....##.####.# .#
##....oo..S...# .#
##.####.###### ..
### #.# .#


You could see an orc wizard, Philosophy's ghost and 3 orcs.

Vanquished Creatures
  An ogre (D:4)
  A vampire bat (D:3)
  Crazy Yiuf (D:2)
  An orc priest (D:2)
  A hound (D:3)
  An orc wizard (D:4)
  11 adders
  A worm (D:1)
  3 fire bats (D:3)
  A leopard gecko (D:2)
  7 orcs
  2 spectral bats (D:3)
  3 ball pythons
  14 bats
  3 bat skeletons (D:3)
  A bat zombie (D:3)
  5 giant cockroaches
  5 goblins
  7 hobgoblins
  9 jackals
  15 kobolds
  A bat simulacrum (D:3)
  7 frilled lizards
  5 rats
  3 plants (Sewer)
109 creatures vanquished.

Notes
Turn   | Place    | Note
-------+----------+-------------------------------------------
     0 | D:1      | Gorice the Kobold Enchanter began the quest for the Orb.
     0 | D:1      | Reached XP level 1. HP: 10/10 MP: 3/3
    70 | D:1      | HP: 3/10 [kobold (2)]
   260 | D:1      | Reached skill level 2 in Short Blades
   420 | D:1      | Reached XP level 2. HP: 16/16 MP: 5/5
   538 | D:1      | Reached skill level 1 in Fighting
   597 | D:1      | Reached skill level 3 in Short Blades
   708 | D:1      | HP: 3/16 [kobold (2)]
   714 | D:1      | Reached XP level 3. HP: 4/20 MP: 2/6
   725 | D:1      | Learned a level 2 spell: Ensorcelled Hibernation
  1588 | D:2      | Reached XP level 4. HP: 24/26 MP: 3/7
  1596 | D:2      | Reached skill level 2 in Fighting
  1596 | D:2      | Reached skill level 4 in Short Blades
  1955 | D:2      | Found a bloodstained altar of Trog.
  1956 | D:2      | Found a hide-covered altar of Uskayaw.
  1956 | D:2      | Found a sacrificial altar of Ru.
  1962 | D:2      | Found a glowing golden altar of the Shining One.
  1964 | D:2      | Found a white marble altar of Elyvilon.
  2054 | D:2      | Found a runed door.
  2058 | D:2      | Noticed Crazy Yiuf
  2102 | D:2      | Killed Crazy Yiuf
  2107 | D:2      | HP: 7/26 [poisoned by Crazy Yiuf]
  2112 | D:2      | HP: 5/26 [poisoned by Crazy Yiuf]
  2118 | D:2      | HP: 4/26 [poisoned by Crazy Yiuf]
  2125 | D:2      | HP: 2/26 [poisoned by Crazy Yiuf]
  2611 | D:2      | Reached XP level 5. HP: 17/30 MP: 6/8
  2948 | D:3      | Reached skill level 5 in Short Blades
  3224 | D:3      | Found a glowing drain.
  3243 | Sewer    | Entered a sewer
  3250 | Sewer    | Reached skill level 3 in Fighting
  3575 | Sewer    | Reached XP level 6. HP: 34/37 MP: 1/9
  3692 | Sewer    | Reached skill level 6 in Short Blades
  4932 | D:3      | Reached skill level 7 in Short Blades
  5054 | D:3      | Learned a level 3 spell: Confuse
  5210 | D:4      | Noticed Philosophy's ghost (amateur CeHu)
  5223 | D:3      | Reached XP level 7. HP: 36/42 MP: 7/10
  5386 | D:4      | Reached skill level 4 in Fighting
  5491 | D:4      | Reached skill level 8 in Short Blades
  5519 | D:4      | HP: 10/43 [orc/mace (5)]
  5524 | D:4      | HP: 11/43 [orc wizard/dagger (5)]
  5784 | D:4      | HP: 11/43 [Philosophy's ghost (4)]
  5805 | D:4      | HP: 12/43 [orc wizard/magic dart (6)]
  5812 | D:4      | HP: 12/43 [orc/flail (1)]
  5814 | D:4      | HP: 4/43 [orc/flail (3)]
  5819 | D:4      | HP: 3/43 [orc/club (2)]
  5822 | D:4      | Slain by an orc wizard

Vault maps used:
D:1:      scummos_arrival_gate
D:2:      minitemple, st_stairs_12, uniq_crazy_yiuf_cottage
D:3:      first_bread, portal_sewer_entry_d, goddamned_bats
Sewer:    sewer_co_scattered_pipes

Skill      XL: |  1  2  3  4  5  6  7 |
---------------+----------------------+-----
Short Blades   | 2 3 4 5 7 8 |  8.0
Fighting       | 1 2 3 4 |  4.2
Dodging        | |  2.4
Stealth        | |  4.0
Spellcasting   | |  2.1
Hexes          | |  3.0

Action                   |  1- 3 |  4- 6 |  7- 9 || total
-------------------------+-------+-------+-------++-------
Melee: Dagger            |   152 |   370 |    54 ||   576
       Long sword        |       |   128 |       ||   128
 Cast: Corona            |    21 |    12 |       ||    33
       Ensorcelled Hiber |     2 |    44 |     5 ||    51
       Confuse           |       |       |     7 ||     7
  Use: Scroll            |     3 |     7 |     1 ||    11
       Potion            |       |       |     5 ||     5
 Stab: Sleeping          |     3 |    29 |     4 ||    36
  Eat: Chunk             |    11 |    16 |     2 ||    29
Armor: Robe              |    27 |   118 |    21 ||   166
Dodge: Dodged            |   114 |   380 |    71 ||   565

Table legend:
 A = Turns spent in this place as a percentage of turns spent in the entire game.
 B = Non-inter-level travel turns spent in this place as a percentage of non-inter-level travel turns spent in the entire game.
 C = Inter-level travel turns spent in this place as a percentage of turns spent in this place.
 D = Turns resting spent in this place as a percentage of non-inter-level travel turns spent in this place.
 E = Turns spent auto-exploring this place as a percentage of non-inter-level travel turns spent in this place.
 F = Non-inter-level travel turns spent in this place divided by the number of levels of this place that you've seen.
                   A       B       C       D       E      F
               +-------+-------+-------+-------+-------+----------------------
         Total | 100.0 | 100.0 |   0.2 |   2.6 |   3.4 | 527.0
       Dungeon |  81.8 |  81.7 |   0.3 |   3.2 |   3.5 | 538.5
         Sewer |  18.2 |  18.3 |   0.0 |   0.0 |   2.7 | 481.0
               +-------+-------+-------+-------+-------+----------------------

Vault maps used:
D:1:      scummos_arrival_gate
D:2:      minitemple, st_stairs_12, uniq_crazy_yiuf_cottage
D:3:      first_bread, portal_sewer_entry_d, goddamned_bats
Sewer:    sewer_co_scattered_pipes
